 Dungeon Crawl Stone Soup version 0.29.0-4-gdea44cf6ec (webtiles) character file.

Game seed: 14877140315195411785

317 qw the Chopper (level 6, -3/51 HPs)
             Began as a Minotaur Fighter on Sept 7, 2022.
             Was an Initiate of Ru.
             Slain by Grinder (8 damage)
             ... on level 3 of the Dungeon.
             The game lasted 00:01:00 (2263 turns).

qw the Chopper (Minotaur Fighter)                   Turns: 2263, Time: 00:01:01

Health: -3/51      AC: 14    Str: 22    XL:     6   Next: 20%
Magic:  5/5        EV:  9    Int:  5    God:    Ru [......]
Gold:   95         SH:  4    Dex: 10    Spells: 5/5 levels left

rFire   . . .      SeeInvis +   Y - +0 war axe
rCold   . . .      Faith    .   c - +0 buckler
rNeg    . . .      Spirit   .   b - +0 scale mail
rPois   .          Reflect  .   (helmet restricted)
rElec   .          Harm     .   h - +2 cloak
rCorr   .          Rampage  .   (no gloves)
Will    .....                   (no boots)
Stlth   ..........              (no amulet)
HPRegen 0.17/turn               j - +4 ring of protection
MPRegen 0.09/turn               e - ring of see invisible

@: about to teleport
A: horns 2, retaliatory headbutt
a: Renounce Religion


You were on level 3 of the Dungeon.
You worshipped Ru.
Ru was noncommittal.
You visited 1 branch of the dungeon, and saw 3 of its levels.

You collected 95 gold pieces.


Innate Abilities, Weirdness & Mutations

You have a pair of horns on your head.
You reflexively headbutt those who attack you in melee.


   Skills:
 - Level 3.6 Fighting
 - Level 7.7 Axes
 + Level 0.0 Throwing
 - Level 3.6 Armour
 - Level 1.3 Dodging
 - Level 3.6 Shields


You had 5 spell levels left.
You didn't know any spells.
Your spell library was empty.

Inventory:

Hand Weapons
 f - a +0 flail
 Y - a +0 war axe (weapon)
Missiles
 m - 2 silver boomerangs (quivered)
 o - 6 boomerangs
Armour
 b - a +0 scale mail (worn)
 c - a +0 buckler (worn)
 h - a +2 cloak (worn)
 k - a +2 robe of fire resistance
Jewellery
 e - a ring of see invisible (right hand)
 j - a +4 ring of protection (left hand)
Scrolls
 a - 2 scrolls of identify
 g - a scroll of teleportation
Potions
 d - 3 potions of might
 i - a potion of mutation {unknown}

Dungeon Overview and Level Annotations

Branches:
Dungeon (3/15)

Altars:
Dithmenos
Elyvilon
Ru
Uskayaw

Annotations:
D:3 Grinder


Message History

Pain shoots through your body!
You can move again.
You hit Grinder but do no damage. Grinder hits you.
You writhe in agony.
The orc barely misses you.
You hit Grinder. Your headbutt misses Grinder.
Grinder is lightly wounded.
Grinder hits you.
The orc hits you from afar with a +0 trident.
You closely miss Grinder. You headbutt Grinder.
Grinder is lightly wounded.
Grinder gestures at you. Pain shoots through your body!
The orc hits you from afar with a +0 trident.
You closely miss Grinder.
Grinder is lightly wounded.
The orc hits you from afar with a +0 trident.
Grinder barely misses you.
You closely miss Grinder.
Grinder is lightly wounded.
Grinder hits you. The orc hits you but does no damage.
You closely miss Grinder.
Grinder is lightly wounded.
Grinder hits you. The orc hits you but does no damage. Grinder hits you!
You writhe in agony.
The orc hits you but does no damage.
2260 ||| READING 2 scrolls of teleportation.
As you read the scroll of teleportation, it crumbles to dust.
You feel strangely unstable. Grinder hits you but does no damage.
You block the orc's attack.
You slash Grinder! Your headbutt misses Grinder.
Grinder is moderately wounded.
Grinder barely misses you. You furiously retaliate!
You headbutt Grinder! You block the orc's attack.
You hit Grinder but do no damage.
Grinder is severely wounded.
The orc hits you from afar with a +0 trident.
Grinder hits you but does no damage.
You slash Grinder! Your headbutt misses Grinder.
Grinder is almost dead.
Grinder hits you!
You die...

##.......<.#
#.########
#..........#
#.#......#
...........#
........+
..###.......#
#......#...
#....####
#......#.#
###....).
#........
#...##.
#...5..###.#
###.##.
#....@.o...#
#.##.
######.###.#
###.##. #...#
#...... ###.###
##.#.##> #...#
...#.##.
#...###..##.##.
...
#........##.##.
...
#...........##.
.. ...
##.)....######.


You could see Grinder and an orc.

Vanquished Creatures
  Sigmund (D:3)
  4 gnolls (D:2)
  3 adders (D:2)
  5 dart slugs
  A worm (D:2)
  11 bats
  2 endoplasms (D:1)
  4 goblins
  7 hobgoblins
  12 jackals
  4 quokkas
  3 ball pythons (D:1)
  6 frilled lizards
  4 kobolds
  4 rats
71 creatures vanquished.

Vanquished Creatures (others)
  2 plants (D:3)
2 creatures vanquished.

Grand Total: 73 creatures vanquished

Notes
Turn   | Place    | Note
-------+----------+-------------------------------------------
     0 | D:1      | qw the Minotaur Fighter began the quest for the Orb.
     0 | D:1      | Reached XP level 1. HP: 19/19 MP: 0/0
     0 | D:1      | 0 ||| qw: Version: 0.1-a-108-g9e35731
     0 | D:1      | 0 ||| qw: Game counter: 6533
     0 | D:1      | 0 ||| qw: Always use a shield: true
     0 | D:1      | 0 ||| qw: God list: Ru
     0 | D:1      | 0 ||| qw: Allow faded altars: false
     0 | D:1      | 0 ||| qw: Do Orc after D:15 true
     0 | D:1      | 0 ||| qw: Do second Lair branch before Depths: true
     0 | D:1      | 0 ||| qw: Lair rune preference: random
     0 | D:1      | 0 ||| qw: Plans: Normal
     0 | D:1      | 0 ||| PLANNING D:1-11
    36 | D:1      | 36 ||| Stepping ~*~*~tactically~*~*~ (stealth).
    39 | D:1      | 39 ||| Stepping ~*~*~tactically~*~*~ (stealth).
    50 | D:1      | Reached skill level 3 in Axes
    53 | D:1      | Reached XP level 2. HP: 19/26 MP: 1/1
   326 | D:1      | Found a faded altar of an unknown god.
   329 | D:1      | Reached skill level 4 in Axes
   363 | D:1      | 363 ||| Stepping ~*~*~tactically~*~*~ (stealth).
   375 | D:1      | Reached XP level 3. HP: 26/31 MP: 2/2
   734 | D:1      | 734 ||| Stepping ~*~*~tactically~*~*~ (hiding).
   736 | D:1      | 736 ||| Stepping ~*~*~tactically~*~*~ (hiding).
   857 | D:1      | 857 ||| Stepping ~*~*~tactically~*~*~ (water).
   954 | D:1      | 954 ||| DROPPING +0 club.
   955 | D:1      | 955 ||| UPGRADING to +2 cloak.
   960 | D:1      | 960 ||| UPGRADING to +4 ring of protection.
   961 | D:1      | 961 ||| DROPPING ring of flight.
   962 | D:1      | 962 ||| READING 3 scrolls labelled SATROMA YSEM.
   963 | D:1      | 963 ||| READING scroll labelled GAOTY VIVE.
   964 | D:1      | 964 ||| READING scroll labelled SEALUASUGH.
   965 | D:1      | 965 ||| READING scroll labelled KECHEFYEXT.
   968 | D:1      | 968 ||| READING scroll labelled OMYOTT WIFOB.
   969 | D:1      | 969 ||| DRINKING 2 golden potions.
  1074 | D:1      | 1074 ||| DROPPING potion of berserk rage.
  1143 | D:2      | 1143 ||| Stepping ~*~*~tactically~*~*~ (stealth).
  1148 | D:2      | 1148 ||| Stepping ~*~*~tactically~*~*~ (stealth).
  1151 | D:2      | 1151 ||| Stepping ~*~*~tactically~*~*~ (stealth).
  1224 | D:2      | 1224 ||| Stepping ~*~*~tactically~*~*~ (stealth).
  1225 | D:2      | 1225 ||| Stepping ~*~*~tactically~*~*~ (stealth).
  1234 | D:2      | Reached skill level 5 in Axes
  1235 | D:2      | Reached XP level 4. HP: 25/39 MP: 3/3
  1237 | D:2      | Reached skill level 1 in Dodging
  1340 | D:2      | 1340 ||| DROPPING +0 mace.
  1351 | D:2      | 1351 ||| Stepping ~*~*~tactically~*~*~ (hiding).
  1542 | D:2      | 1542 ||| Stepping ~*~*~tactically~*~*~ (stealth).
  1633 | D:2      | 1633 ||| Stepping ~*~*~tactically~*~*~ (hiding).
  1643 | D:2      | Reached skill level 6 in Axes
  1746 | D:2      | 1746 ||| UPGRADING to ring of see invisible.
  1747 | D:2      | 1747 ||| READING scroll labelled UHIRHUR KOID.
  1883 | D:2      | 1883 ||| READING 3 scrolls of identify.
  1883 | D:2      | 1883 ||| IDENTIFYING blue potion
  1884 | D:2      | 1884 ||| DROPPING potion of ambrosia.
  1903 | D:3      | Found a shadowy altar of Dithmenos.
  1952 | D:3      | 1952 ||| Stepping ~*~*~tactically~*~*~ (stealth).
  1953 | D:3      | 1953 ||| Stepping ~*~*~tactically~*~*~ (stealth).
  1955 | D:3      | 1955 ||| Stepping ~*~*~tactically~*~*~ (hiding).
  1962 | D:3      | Reached XP level 5. HP: 45/45 MP: 4/4
  2081 | D:3      | Found a sacrificial altar of Ru.
  2081 | D:3      | Found a white marble altar of Elyvilon.
  2083 | D:3      | Found a hide-covered altar of Uskayaw.
  2084 | D:3      | 2084 ||| Stepping ~*~*~tactically~*~*~ (hiding).
  2104 | D:3      | 2104 ||| Stepping ~*~*~tactically~*~*~ (stealth).
  2105 | D:3      | 2105 ||| Stepping ~*~*~tactically~*~*~ (stealth).
  2106 | D:3      | 2106 ||| Stepping ~*~*~tactically~*~*~ (stealth).
  2110 | D:3      | Became a worshipper of Ru the Awakened
  2135 | D:3      | 2135 ||| Stepping ~*~*~tactically~*~*~ (stealth).
  2137 | D:3      | 2137 ||| Stepping ~*~*~tactically~*~*~ (stealth).
  2170 | D:3      | Noticed Sigmund
  2175 | D:3      | Killed Sigmund
  2176 | D:3      | Reached skill level 7 in Axes
  2176 | D:3      | Reached XP level 6. HP: 40/51 MP: 5/5
  2244 | D:3      | Noticed Grinder
  2245 | D:3      | 2245 ||| Stepping ~*~*~tactically~*~*~ (hiding).
  2249 | D:3      | 2249 ||| Stepping ~*~*~tactically~*~*~ (hiding).
  2252 | D:3      | Paralysed by Grinder for 2 turns
  2259 | D:3      | HP: 8/51 [Grinder (8)]
  2260 | D:3      | 2260 ||| READING 2 scrolls of teleportation.
  2263 | D:3      | Slain by Grinder

Levels and vault maps discovered:
D:1:      amcnicky_arrival_flooded_fountain, layout_basic,
          chequers_ecumenical_altar_island, minmay_vboxes
D:2:      layout_basic
D:3:      layout_basic, grunt_dithmenos_smoke,
          gammafunk_temple_overflow_forgotten, minmay_quantized, uniq_grinder,
          uniq_sigmund

Skill      XL: |  1  2  3  4  5 |
---------------+----------------+-----
Axes           | 3 4 5 6 7 |  7.7
Dodging        | 1 |  1.3
Fighting       | |  3.6
Armour         | |  3.6
Shields        | |  3.6

Action                   |  1- 3 |  4- 6 || total
-------------------------+-------+-------++-------
Melee: War axe           |    77 |    48 ||   125
       Headbutt          |    10 |     7 ||    17
Throw: Boomerang         |    14 |    32 ||    46
  Use: Scroll            |     5 |     3 ||     8
       Potion            |     1 |       ||     1
Armor: Scale mail        |    34 |    21 ||    55
Dodge: Dodged            |    25 |    18 ||    43
Block: Buckler           |    17 |     6 ||    23

Table legend:
 A = Non-vault XP
 B = Vault XP
 C = Vault XP percentage of total XP
 D = Non-vault monster count
 E = Vault monster count
 F = Vault count percentage of total count
                 A         B        C        D         E       F
            +---------+---------+-------+---------+---------+-------
      Total |     210 |     243 |  53.6 |      68 |       3 |   4.2
            +---------+---------+-------+---------+---------+-------
        D:1 |      60 |       4 |   6.2 |      35 |       2 |   5.4
        D:2 |     129 |       0 |   0.0 |      23 |       0 |   0.0
        D:3 |      21 |     239 |  91.9 |      10 |       1 |   9.1
            +---------+---------+-------+---------+---------+-------
